 Dungeon Crawl Stone Soup version 0.30-a0-424-g7412bad402 (webtiles) character file.

Game seed: 8149145217893690298

1 NinjaNoafa the Sneak (level 1, 0/14 HPs)
             Began as a Gargoyle Delver on Dec 9, 2022.
             Slain by a hound (1 damage)
             ... on level 4 of the Dungeon.
             The game lasted 00:01:09 (69 turns).

NinjaNoafa the Sneak (Gargoyle Delver)                Turns: 69, Time: 00:01:09

Health: 0/14       AC:  5    Str: 15    XL:     1   Next: 20%
Magic:  1/1        EV: 11    Int: 10    God:
Gold:   11         SH:  0    Dex: 11    Spells: 0/0 levels left

rFire   . . .      SeeInvis .    i - +8 mithril axe "Arga" {speed, Will+}
rCold   . . .      Faith    .    (no shield)
rNeg    + . .      Spirit   .    b - +0 leather armour
rPois   ∞          Reflect  .    (no helmet)
rElec   +          Harm     .    (no cloak)
rCorr   .          Rampage  .    (no gloves)
Will    +....                    (no boots)
Stlth   +++.......               (no amulet)
HPRegen 0.22/turn                (no ring)
MPRegen 0.07/turn                (no ring)

@: hasted, very quick
A: sickness immunity, AC +2, negative energy resistance 1, electricity
resistance, torment resistance 1, petrification resistance
a: no special abilities


You were on level 4 of the Dungeon.
You visited 1 branch of the dungeon, and saw 2 of its levels.

You collected 11 gold pieces.

Inventory:

Hand Weapons
 a - a +0 mace
 i - the +8 mithril axe "Arga" (weapon) {speed, Will+}
   (You found it on level 5 of the Dungeon)

   Attacks with this weapon are significantly faster.
   Will:      It increases your willpower.
Armour
 b - a +0 leather armour (worn)
Wands
 g - a wand of digging (3)
Scrolls
 c - a scroll of fog
 d - a scroll of magic mapping
Potions
 h - 2 potions of cancellation {unknown}


   Skills:
 + Level 3.3 Fighting
 + Level 0.0(1.0) Axes
 - Level 2.0 Maces & Flails
 + Level 0.0 Armour
 + Level 1.5 Dodging
 + Level 5.4 Stealth


You couldn't memorise any spells.
You didn't know any spells.
Your spell library was empty.

Dungeon Overview and Level Annotations

Branches:
Dungeon (5/15)
 Temple: D:4-7

Altars:


Innate Abilities, Weirdness & Mutations

You are immune to sickness and miasma.
Your stone body is resilient. (AC +2)
You are immune to poison.
You resist negative energy. (rN+)
You are resistant to electric shocks. (rElec)
You are resistant to unholy torment.
You are immune to petrification.


Message History

The kobold brigand hits you but does no damage.
Okay, then.
The kobold closely misses you.
You feel yourself speed up. The kobold barely misses you.
The kobold brigand hits you with a +0 dagger.
* * * LOW HITPOINT WARNING * * *
The kobold throws a stone.
The stone hits you but does no damage.
Found 3 stones.
The kobold throws a stone.
The stone barely misses you.
You see here a green potion.
h - 2 green potions (gained 1)
Found 11 gold pieces.
Found a stone staircase leading up.
Found a metallic brown potion.
The kobold throws a stone.
The stone closely misses you.
You see here 11 gold pieces.
You now have 11 gold pieces.
Found a stone staircase leading up.
There is a stone staircase leading up here.
You climb upwards.
The adder hisses angrily.
There is a stone staircase leading down here.
The helpless hound fails to defend itself.
You slash the hound!
The hound is almost dead.
The hound barely misses you.
You miss the hound.
The hound is almost dead.
The hound closely misses you.
An endoplasm comes into view.
The hound bites you.
* * * LOW HITPOINT WARNING * * *
The hound attacks as you move away! The hound bites you.
* * * LOW HITPOINT WARNING * * *
Okay, then.
Okay, then.
You barely miss the hound.
The hound is almost dead.
You hit the adder. The adder completely misses you. The hound bites you.
You die...

#.. .. #..# #.
##...# #.#
#.....##J.
#......#.#
#........#
#.......#
#.....@.#
#....hS##
#......#
#......#####
#.....>....#
#..####.......
### ######.


You could see a hound, an adder and an endoplasm (asleep).

Vanquished Creatures
  A kobold (D:5)
1 creature vanquished.

Notes
Turn   | Place    | Note
-------+----------+-------------------------------------------
     0 | D:5      | NinjaNoafa the Gargoyle Delver began the quest for the Orb.
     0 | D:5      | Reached XP level 1. HP: 14/14 MP: 1/1
     6 | D:5      | Noticed a kobold brigand
    16 | D:5      | Found the +8 mithril axe "Arga" {speed, Will+}
    62 | D:4      | Noticed a hound
    69 | D:4      | Slain by a hound

Illustrated notes

Levels and vault maps discovered:
D:4:      lemuel_castle_with_subvaults [lemuel_castle_interior_carwin_1],
          layout_cave_pods, marbit_many_paths, evilmike_ruin_ashenzari,
          minmay_temple_entry_trees, minmay_shop_enchanted_jewellery
D:5:      layout_cave_pools, kennysheep_pointless_box, eino_tiny_chamber,
          palyth_stone_intersect, solitary_fountain, uniq_ijyb

Action                   || total
-------------------------++-------
Melee: Broad axe         ||     8
       Mace              ||     1
  Use: Scroll            ||     1
       Potion            ||     1
 Stab: Sleeping          ||     1
Armor: Leather armour    ||     5
Dodge: Dodged            ||    16

Table legend: (Time is in decaauts)
 A = Elapsed time spent in this place.
 B = Non-inter-level travel time spent in this place.
 C = Inter-level travel time spent in this place.
 D = Time resting spent in this place.
 E = Time spent auto-exploring this place.
 F = Levels seen in this place.
 G = Mean time per level.
                   A        B        C        D        E       F      G
               +--------+--------+--------+--------+--------+-----+--------+
         Total |     60 |     60 |      0 |      0 |      2 |   2 |   30.0 |
       Dungeon |     60 |     60 |      0 |      0 |      2 |   2 |   30.0 |
               +--------+--------+--------+--------+--------+-----+--------+

Top non-repeatable levels by time:
     D:5: 56 daAuts
     D:4: 4 daAuts
